 Dungeon Crawl Stone Soup version 0.21.1-1-g345015f (webtiles) character file.

106 tester123 the Shield-Bearer (level 5, -2/42 HPs)
             Began as a Formicid Fighter on July 25, 2018.
             Slain by an orc
             ... wielding a +0 flail
              (4 damage)
             ... on level 4 of the Dungeon.
             The game lasted 00:03:58 (541 turns).

tester123 the Shield-Bearer (Formicid Fighter)       Turns: 541, Time: 00:04:00

Health: -2/42      AC:  7    Str: 21    XL:     5   Next: 10%
Magic:  5/5        EV:  8    Int:  8    God:
Gold:   65         SH:  9    Dex: 10    Spells: 4/4 levels left

rFire    . . .     SeeInvis +   a - +0 war axe
rCold    . . .     Gourm    .   c - +0 shield
rNeg     . . .     Faith    .   b - +0 scale mail
rPois    .         Spirit   .   (helmet unavailable)
rElec    .         Reflect  .   (no cloak)
rCorr    .         Harm     .   (no gloves)
MR       .....                  (no boots)
Stlth    ..........             (no amulet)
HPRegen  0.14/turn              (no ring)
MPRegen  0.09/turn              (no ring)

@: no status effects
A: permanent stasis, dig shafts and tunnels, four strong arms, antennae 3
a: Dig, Shaft Self


You were on level 4 of the Dungeon.
You were not hungry.

You visited 1 branch of the dungeon, and saw 4 of its levels.

You collected 65 gold pieces.

Inventory:

Hand Weapons
 a - a +0 war axe (weapon)
Armour
 b - a +0 scale mail (worn)
 c - a +0 shield (worn)
Jewellery
 e - an uncursed ring of see invisible {unknown}
 i - a cursed ring of loudness {unknown}
Scrolls
 g - a scroll of amnesia {unknown}
 j - a scroll of teleportation {unknown}
Potions
 d - a potion of might
 h - 2 potions of cancellation {unknown}
Comestibles
 f - 6 rations


   Skills:
 + Level 3.9 Fighting
 + Level 3.1 Axes
 + Level 3.9 Armour
 + Level 0.4 Dodging
 + Level 4.5 Shields


You had 4 spell levels left.
You didn't know any spells.

Dungeon Overview and Level Annotations

Branches:
Dungeon (4/15)
 Temple: D:4-7

Altars:


Innate Abilities, Weirdness & Mutations

You cannot be hasted, slowed, berserked, paralysed or teleported.
You can dig through walls and to a lower floor.
Your four strong arms can wield two-handed weapons with a shield.
You have a pair of large antennae on your head. (SInv)


Message History

Found a stone staircase leading down.
You see here a flail.
You hit the orc.
The orc is severely wounded.
You closely miss the quokka. The quokka barely misses you.
You block the orc's attack. You block the quokka's attack.
You barely miss the orc.
The orc is severely wounded.
You miss the quokka. The orc misses you.
The quokka bites you but does no damage.
The adder barely misses you. You block the quokka's attack.
The orc hits you but does no damage.
You hit the orc but do no damage.
The orc is severely wounded.
You barely miss the adder. You hit the quokka but do no damage.
The adder bites you but does no damage. You block the quokka's attack.
The adder bites you.
* * * LOW HITPOINT WARNING * * *
The orc hits you with a flail.
You die...

...> .# ... .###
..####...##
#......#..#.#
##.......#...#.#
#..$............
#..roS[.........
#...@...........
#...............
#...............
#.....%.†.......
#...............
#....<..........
#...........####
#...........#
##.......####


You could see an adder, an orc and a quokka.

Vanquished Creatures
  A howler monkey (D:4)
  A hound (D:4)
  An adder (D:2)
  A worm (D:2)
  A leopard gecko (D:1)
  An orc (D:4)
  4 hobgoblins
  3 jackals (D:1)
  2 quokkas
  3 bats (D:1)
  A frilled lizard (D:1)
  3 kobolds
  2 rats (D:1)
24 creatures vanquished.

Notes
Turn   | Place    | Note
-------+----------+-------------------------------------------
     0 | D:1      | tester123 the Formicid Fighter began the quest for the Orb.
     0 | D:1      | Reached XP level 1. HP: 18/18 MP: 1/1
   112 | D:1      | Reached XP level 2. HP: 21/24 MP: 2/2
   128 | D:1      | Reached skill level 4 in Shields
   411 | D:2      | Reached XP level 3. HP: 29/29 MP: 3/3
   491 | D:4      | Reached XP level 4. HP: 8/37 MP: 4/4
   498 | D:4      | Reached XP level 5. HP: 4/42 MP: 5/5
   541 | D:4      | HP: 2/42 [adder (3)]
   541 | D:4      | Slain by an orc

Skill      XL: |  1  2  3  4 |
---------------+-------------+-----
Shields        | 4 |  4.5
Axes           | 3 |  3.1
Fighting       | |  3.9
Armour         | |  3.9
Dodging        | |  0.4

Action                   |  1- 3 |  4- 6 || total
-------------------------+-------+-------++-------
Melee: War axe           |    92 |    11 ||   103
Armor: Scale mail        |    32 |     4 ||    36
Dodge: Dodged            |    41 |     9 ||    50
Block: Shield            |    51 |    10 ||    61
